Map: Acropolis LE

Players

Neo - Winner!

  • Race: Protoss Protoss
  • League: Diamond
  • Spawn Location: 11:00

A.I. 1 (Medium)

  • Race: Terran Terran
  • Spawn Location: 5:00

VOD

https://www.youtube.com/watch?v=z3MFpm8l0O0

Description

I am supplyblocked too often, please watch Harstems video

Time

  • Played on: Dec. 24, 2019, 7:23 a.m.
  • Length: 7:41
Show
View Real Time Build Order
Export as new Build Order

Neo Protoss - Winner!

Build Orders: 1 Gate Expand 

Get SALT Encoding   

  12  0:01  Probe  
  13  0:13  Probe  
  14  0:16  Pylon  
  14  0:25  Assimilator  
  14  0:27  Probe (Chrono Boost)  
  15  0:39  Probe (Chrono Boost)  
  16  0:42  Gateway  
  16  0:45  Probe (Chrono Boost)  
  17  0:54  Probe  
  18  1:06  Probe  
  19  1:18  Probe  
  20  1:23  Nexus  
  21  1:35  Cybernetics Core  
  21  1:36  Probe  
  21  1:43  Assimilator  
  21  1:49  Pylon  
  21  1:54  Probe  
  22  2:06  Probe  
  23  2:10  Adept (Chrono Boost)  
  25  2:19  Probe  
  26  2:24  Robotics Facility  
  26  2:29  Robotics Facility  
  26  2:36  Probe  
  27  2:39  Probe  
  27  2:44  Stalker  
  30  2:46  Warp Gate  
  30  2:53  Probe  
  31  3:03  Probe  
  32  3:10  Immortal (Chrono Boost)  
  38  3:25  Warp Prism (Chrono Boost)  
  38  3:33  Probe  
  39  3:36  Probe  
  39  3:37  Immortal (Chrono Boost)  
  44  3:45  Pylon  
  44  3:52  Probe  
  46  4:00  Observer (Chrono Boost)  
  46  4:03  Probe  
  46  4:04  Gateway  
  46  4:06  Gateway  
  47  4:16  Gateway  
  47  4:19  Immortal  
  51  4:24  Probe  
  51  4:25  Probe  
  53  4:42  Pylon  
  53  4:45  Probe  
  59  5:00  Immortal, Probe  
  59  5:03  Probe  
  60  5:12  Probe  
  61  5:16  Pylon  
  61  5:18  Pylon  
  61  5:31  Pylon  
  61  5:33  Pylon  
  61  5:34  Immortal  
  65  5:36  Stalker x3  
  65  5:37  Stalker  
  73  6:01  Gateway  
  73  6:15  Stalker  
  73  6:16  Stalker x3  
  77  6:21  Gateway  
  77  6:23  Pylon  
  71  6:28  Gateway  
  71  6:42  Gateway  
  71  6:44  Stalker  
  71  6:45  Stalker x3  
  71  6:47  Gateway  
  79  6:55  Immortal  
  79  6:56  Observer  
  79  6:57  Zealot  
  86  7:07  Zealot x3  
  86  7:08  Zealot  
  94  7:12  Probe  
  94  7:13  Probe  
  96  7:24  Pylon, Probe  
  96  7:25  Probe  
  96  7:27  Stalker x2  
  96  7:29  Pylon  
Show
View Real Time Build Order
Export as new Build Order

A.I. 1 (Medium) Terran 

Build Orders: 2 Factory 

Get SALT Encoding   

  12  0:00  SCV  
  13  0:13  SCV  
  14  0:17  Supply Depot  
  14  0:25  SCV  
  15  0:39  SCV  
  16  0:43  Barracks  
  16  0:51  SCV  
  17  1:03  SCV  
  18  1:16  Command Center  
  18  1:32  Orbital Command, Marine  
  18  1:38  Supply Depot  
  19  1:45  Refinery  
  19  1:50  Marine  
  20  1:57  SCV  
  20  2:00  Barracks  
  21  2:08  Refinery  
  21  2:10  SCV  
  22  2:18  Marine  
  23  2:23  SCV  
  23  2:27  Supply Depot  
  24  2:36  SCV  
  25  2:37  Barracks Tech Lab  
  25  2:46  Marine  
  26  2:54  Refinery, SCV  
  26  2:58  SCV  
  28  3:03  Marine  
  28  3:04  Barracks Tech Lab  
  29  3:12  Factory  
  29  3:16  SCV  
  30  3:22  Refinery, Marauder  
  32  3:29  Factory  
  32  3:38  Marauder  
  34  3:41  SCV  
  34  3:44  SCV  
  36  3:54  SCV  
  36  3:55  Marine  
  38  3:56  SCV  
  38  3:57  Factory Tech Lab  
  39  4:06  SCV  
  39  4:09  SCV  
  41  4:12  Marine, Factory Tech Lab  
  42  4:18  SCV  
  42  4:21  SCV  
  42  4:22  Supply Depot  
  44  4:29  Hellion  
  44  4:30  SCV  
  44  4:38  Supply Depot  
  44  4:39  SCV  
  44  4:42  SCV  
  46  4:46  Siege Tank  
  46  4:51  SCV  
  50  5:00  SCV  
  50  5:02  Supply Depot  
  50  5:03  Marine  
  50  5:04  SCV  
  51  5:12  SCV  
  51  5:16  SCV  
  54  5:21  Marauder  
  54  5:24  SCV  
  54  5:28  SCV  
  52  5:36  SCV  
  52  5:38  Marine  
  52  5:40  SCV  
  52  5:48  SCV  
  53  5:52  SCV  
  53  5:55  Marauder  
  53  5:56  Starport  
  56  6:00  SCV  
  55  6:05  SCV  
  54  6:12  SCV  
  54  6:13  Siege Tank  
  54  6:17  SCV  
  50  6:20  Marine  
  38  6:27  Marine  
  39  6:34  Starport Tech Lab  
  39  6:35  Hellion  
  38  6:42  Marauder  
  31  6:49  Marine  
  26  6:56  SCV  
  17  7:06  Marine  
Tags
 
Add a new tag
Caveats
  • Supply blocks, unpowered buildings, or Contaminate may cause inaccurate times.
  • Supply counts are checked every 10 seconds.